 Seeded DCSS version 0.30.1-4-g462c640d31 (webtiles) character file.

Game seed: 6351066067085065685 (custom seed)

4608 Esekla the Thaumaturge (level 10, -5/50 HPs)
             Began as a Deep Elf Wanderer on Sept 17, 2023.
             Was an Elder of Vehumet.
             Slain by an orc knight
             ... wielding a +0 trident
              (23 damage)
             ... in a bailey.
             The game lasted 01:00:11 (8574 turns).

Esekla the Thaumaturge (Deep Elf Wanderer)          Turns: 8574, Time: 01:00:11

Health: -5/50      AC:  5    Str: 11    XL:     10   Next: 19%
Magic:  35/37      EV: 13    Int: 23    God:    Vehumet [****..]
Gold:   573        SH:  4    Dex: 11    Spells: 12/33 levels left

rFire   . . .        c - +4 scimitar
rCold   . . .        d - +0 buckler
rNeg    . . .        I - +0 robe
rPois   .            j - +0 helmet
rElec   .            D - +0 cloak
rCorr   .            h - +0 pair of gloves
SInv    .            (no boots)
Will    +....        A - amulet of magic regeneration
Stlth   +++          Q - ring of magical power
HPRegen 0.28/turn    (no ring)
MPRegen 0.65/turn

%: no passive effects
@: on blink cooldown
A: no striking features
a: Renounce Religion


You were in a bailey.
You worshipped Vehumet.
Vehumet was greatly pleased with you.
You visited 1 branch of the dungeon, and saw 9 of its levels.
You also visited: Bailey.

You collected 573 gold pieces.

Inventory:

Hand Weapons
 a - a +2 vampiric dagger
 c - a +4 scimitar (weapon)
 r - a +4 trident of venom
 s - the +5 rapier of the Hero {heavy, rN+ Dex+3}
   (You found it on level 3 of the Dungeon)

   Dex:       It affects your dexterity (+3).
   rN:        It protects you from negative energy.
 v - a +2 rapier of venom
 w - the +2 bardiche of Puhoisos {heavy, rElec Stlth+}
   (You found it in a bailey)

   rElec:     It insulates you from electricity.
   Stlth:     It makes you more stealthy.
Missiles
 t - 24 poisoned darts (quivered)
 K - 3 curare-tipped darts
 P - 3 boomerangs
Armour
 d - a +0 buckler (worn)
 h - a +0 pair of gloves (worn)
 j - a +0 helmet (worn)
 D - a +0 cloak (worn)
 I - a +0 robe (worn)
 M - a +1 helmet
Jewellery
 A - an amulet of magic regeneration (around neck)
 Q - a ring of magical power (left hand)
Wands
 f - a wand of roots (17)
 B - a wand of flame (13)
 F - a wand of mindburst (9)
 L - a wand of polymorph (8)
Scrolls
 l - 2 scrolls of amnesia {unknown}
 m - a scroll of immolation {unknown}
 n - 5 scrolls of blinking {unknown}
 p - a scroll of fog
 x - 3 scrolls of enchant weapon {unknown}
 y - a scroll of silence
 z - a scroll of magic mapping
 C - a scroll of fear
 G - 2 scrolls of teleportation {unknown}
 H - 2 scrolls of poison
 J - 3 scrolls of noise {unknown}
 O - a scroll of enchant armour
Potions
 b - 2 potions of lignification
 e - 3 potions of ambrosia {unknown}
 g - 8 potions of curing {unknown}
 i - 6 potions of attraction
 k - a potion of mutation
 o - 3 potions of brilliance
 q - 2 potions of heal wounds
 u - 4 potions of haste {unknown}


   Skills:
 + Level 3.0(3.2) Short Blades
 + Level 1.0(2.0) Long Blades
 + Level 1.5 Throwing
 * Level 6.5 Dodging
 + Level 5.7 Stealth
 - Level 3.1 Shields
 * Level 12.2 Spellcasting
 * Level 3.7 Conjurations
 * Level 7.4 Necromancy
 + Level 4.0 Translocations
 * Level 1.5 Fire Magic
 + Level 1.0 Invocations
 + Level 0.2 Evocations


You had 12 spell levels left.
You knew the following spells:

 Your Spells              Type           Power      Damage    Failure   Level
a - Magic Dart            Conj           100%       1d8       1%          1
b - Blink                 Tloc           64%        N/A       1%          2
d - Vampiric Draining     Necr           48%        2d9       1%          3
e - Searing Ray           Conj           62%        2d6       1%          2
f - Flame Wave            Conj/Fire      26%        2d8       6%          4
j - Arcjolt               Conj/Air       11%        1d21      21%         5
p - Apportation           Tloc           64%        N/A       1%          1
t - Teleport Other        Tloc           32%        N/A       3%          3

Your spell library contained the following spells:

 Spells                   Type           Power      Damage    Failure   Level
 Lesser Beckoning         Tloc           64%        N/A       1%          2
 Gell's Gravitas          Tloc           32%        N/A       3%          3
 Ignite Poison            Fire/Tmut/Pois 16%        N/A       4%          3
 Spider Form              Tmut/Pois      14%        N/A       19%         3
 Cause Fear               Hex            7%         N/A       54%         4
 Summon Mana Viper        Hex/Summ       14%        N/A       87%         5


Dungeon Overview and Level Annotations

Branches:
Dungeon (9/15)             Temple (0/1) D:6          Bailey (1/1)
   Lair: D:8-11         Orc: D:9-12

Altars:
Dithmenos
Fedhas
Hepliaklqana
Okawaru
Qazlal
Trog
Uskayaw
Vehumet
Zin
The Shining One

Shops:
D:2 =   D:4 (

Annotations:
D:7 Joseph


Message History

The orc knight shouts!
The orc knight roars a battlecry!
The orc warrior goes into a battle-frenzy!
Casting: Blink (safe; 1% risk of failure)
Confirm with . or Enter, or press ? or * to list all spells.
Aiming: Vampiric Draining (safe; 1% risk of failure)
Press: ? - help, Shift-Dir - straight line, f/p - orc warrior
Aim: an orc warrior, wielding a +0 glaive and wearing a +0 scale mail (severely wounded, strong)
You draw life force from the orc warrior!
You kill the orc warrior!
Vehumet accepts your kill.
You feel your power returning.
You feel life coursing into your body.
There is a gate leading back out of this place here.
Throw: 4 darts (curare)
Press: ? - help, Q - select action, (/) - cycle Shift-Dir - straight line, f - orc knight
Aim: an orc knight, wielding a +0 trident and wearing a +0 scale mail (moderately wounded, 45% to hit)
You throw a curare-tipped dart.
The curare-tipped dart hits the orc knight.
The orc knight is poisoned.
The orc knight convulses.
The orc knight seems to slow down.
The orc knight is heavily wounded.
Throw: 26 darts (poison)
Press: ? - help, Q - select action, (/) - cycle Shift-Dir - straight line, f/p - orc knight
Aim: an orc knight, wielding a +0 trident and wearing a +0 scale mail (heavily wounded, very poisoned, slow, 45% to hit)
You throw a poisoned dart.
The poisoned dart barely misses the orc knight.
Throw: 25 darts (poison)
Press: ? - help, Q - select action, (/) - cycle Shift-Dir - straight line, f/p - orc knight
Aim: an orc knight, wielding a +0 trident and wearing a +0 scale mail (heavily wounded, very poisoned, slow, 45% to hit)
You throw a poisoned dart.
The poisoned dart closely misses the orc knight.
Throw: 24 darts (poison)
Press: ? - help, Q - select action, (/) - cycle Shift-Dir - straight line, f/p - orc knight
Aim: an orc knight, wielding a +0 trident and wearing a +0 scale mail (heavily wounded, very poisoned, slow, 45% to hit)
Okay, then.
Casting: Vampiric Draining (safe; 1% risk of failure)
Confirm with . or Enter, or press ? or * to list all spells.
You blink.
The orc knight hits you from afar with a +0 trident!!
You die...

#######################
................@....§#
..................o.∩.#
(.....o.......(.(.....#
....................).#
...........≈≈≈≈≈......#
..........≈≈###≈≈.....#
..........≈##.##≈.....#
...............#≈.....#
..........≈#∩)##≈.....#


You could see an orc knight (very poisoned, slow).

Vanquished Creatures
  A two-headed ogre (D:8)
  Pikel (D:6)
  A wyvern (D:7)
  Menkaure (D:7)
  An ice beast (D:6)
  A sky beast (D:6)
  7 orc warriors (Bailey)
  2 black bears
  2 ogres
  A centaur (D:7)
  A phantom (D:7)
  Blork the orc (D:6)
  2 kobold brigands
  2 gnoll sergeants
  A bullfrog (D:7)
  2 scorpions (D:5)
  3 wights (D:7)
  2 quasits
  2 gnoll boudas
  6 hounds
  A jelly (D:6)
  Crazy Yiuf (D:7)
  4 orc priests (D:8)
  A sleepcap (D:5)
  5 iguanas
  5 orc wizards
  24 gnolls
  9 adders
  2 shadow imps (D:8)
  6 white imps
  3 ufetubi
  A worm (D:4)
  3 dart slugs
  42 orcs
  6 ball pythons
  4 endoplasms
  9 goblins
  7 hobgoblins
  A quokka (D:1)
  4 bats
  4 frilled lizards
  14 kobolds
  A rat (D:2)
197 creatures vanquished.

Vanquished Creatures (others)
  An ufetubus (D:8)
  4 orcs (D:8)
5 creatures vanquished.

Grand Total: 202 creatures vanquished

Notes
Turn   | Place    | Note
-------+----------+-------------------------------------------
     0 | D:1      | Esekla the Deep Elf Wanderer began the quest for the Orb.
     0 | D:1      | Esekla set off with the following items: a +0 club, a
                  | potion of lignification, a +0 robe, a +0 buckler; and the
                  | following spells available to memorise: Apportation, Blink,
                  | Lesser Beckoning, Magic Dart, Ignite Poison, Vampiric
                  | Draining.
     0 | D:1      | Reached XP level 1. HP: 10/10 MP: 7/7
     2 | D:1      | Learned a level 1 spell: Magic Dart
     4 | D:1      | Learned a level 1 spell: Apportation
   181 | D:2      | Found Renulab's Jewellery Shop.
   355 | D:4      | Found a radiant altar of Vehumet.
   366 | D:4      | Found an iron altar of Okawaru.
   377 | D:4      | Found a glowing silver altar of Zin.
   463 | D:4      | Became a worshipper of Vehumet
   550 | D:3      | Reached skill level 1 in Necromancy
   621 | D:3      | Reached XP level 2. HP: 15/15 MP: 2/9
   624 | D:3      | Learned a level 2 spell: Blink
   867 | D:3      | Identified the +5 rapier of the Hero {heavy, rN+ Dex+3}
                  | (You found it on level 3 of the Dungeon)
   898 | D:2      | Reached skill level 5 in Spellcasting
  1157 | D:1      | Reached XP level 3. HP: 19/19 MP: 4/11
  1161 | D:1      | Learned a level 3 spell: Vampiric Draining
  1254 | D:1      | Reached * piety under Vehumet
  1254 | D:1      | Offered knowledge of Kiss of Death by Vehumet.
  1683 | D:2      | Noticed a black bear
  1696 | D:2      | Killed a black bear
  1697 | D:2      | Reached skill level 1 in Dodging
  1697 | D:2      | Reached skill level 6 in Spellcasting
  1697 | D:2      | Reached XP level 4. HP: 24/24 MP: 5/14
  1697 | D:2      | Reached XP level 5. HP: 28/28 MP: 5/15
  1819 | D:2      | Found a faded altar of an unknown god.
  2299 | D:3      | Found a stormy altar of Qazlal.
  2335 | D:3      | Reached skill level 1 in Short Blades
  2409 | D:3      | Found a bloodstained altar of Trog.
  2412 | D:3      | Found a hazy altar of Hepliaklqana.
  2716 | D:3      | Reached skill level 1 in Conjurations
  2716 | D:3      | Reached XP level 6. HP: 22/32 MP: 10/17
  2805 | D:4      | Found Ponaysk's Antique Weapon Boutique.
  2947 | D:4      | Learned a level 3 spell: Teleport Other
  3083 | D:5      | Entered Level 5 of the Dungeon
  3086 | D:5      | Got the Parchment of the Lumpy Olives
  3102 | D:5      | Found a shadowy altar of Dithmenos.
  3269 | D:5      | Reached skill level 7 in Spellcasting
  3307 | D:5      | HP: 1/32 [poisoned by a scorpion]
  3605 | D:4      | Reached XP level 7. HP: 26/36 MP: 12/20
  3617 | D:4      | Found a glowing golden altar of the Shining One.
  3868 | D:5      | Reached ** piety under Vehumet
  3868 | D:5      | Offered knowledge of Sandblast by Vehumet.
  4212 | D:5      | Reached skill level 8 in Spellcasting
  4688 | D:6      | Found a staircase to the Ecumenical Temple.
  4711 | D:6      | Noticed Pikel
  4737 | D:6      | Killed Pikel
  4738 | D:6      | Reached skill level 1 in Throwing
  4738 | D:6      | Reached skill level 9 in Spellcasting
  4738 | D:6      | Reached skill level 5 in Necromancy
  4738 | D:6      | Reached XP level 8. HP: 37/41 MP: 11/23
  4875 | D:7      | Found a runed translucent door.
  4876 | D:7      | Noticed Crazy Yiuf
  4881 | D:7      | Killed Crazy Yiuf
  4940 | D:7      | HP: 1/41 [wyvern (11)]
  4944 | D:7      | Reached skill level 10 in Spellcasting
  5231 | D:7      | Noticed Menkaure
  5235 | D:7      | Killed Menkaure
  5270 | D:7      | Offered knowledge of Searing Ray by Vehumet.
  5271 | D:7      | Reached skill level 5 in Dodging
  5274 | D:7      | Learned a level 2 spell: Searing Ray
  5367 | D:6      | Reached XP level 9. HP: 45/45 MP: 25/25
  5372 | D:6      | Noticed Blork the orc
  5381 | D:6      | Killed Blork the orc
  5843 | D:6      | Found a blossoming altar of Fedhas.
  5877 | D:6      | Reached *** piety under Vehumet
  6537 | D:7      | Reached skill level 11 in Spellcasting
  6628 | D:7      | Noticed Joseph
  6874 | D:8      | Noticed a two-headed ogre
  7231 | D:8      | Reached skill level 5 in Stealth
  7236 | D:8      | Found a hide-covered altar of Uskayaw.
  7262 | D:8      | Offered knowledge of Flame Wave by Vehumet.
  7291 | D:7      | Learned a level 4 spell: Flame Wave
  7433 | D:8      | Found a transporter.
  7433 | D:8      | Found a transporter.
  7437 | D:8      | Found a transporter.
  7438 | D:8      | Found a transporter.
  7726 | D:8      | Killed a two-headed ogre
  7727 | D:8      | Reached skill level 1 in Fire Magic
  7727 | D:8      | Reached XP level 10. HP: 50/50 MP: 27/27
  8007 | D:9      | Found a flagged portal.
  8088 | Bailey   | Entered a bailey
  8112 | Bailey   | Reached **** piety under Vehumet
  8195 | Bailey   | Offered knowledge of Arcjolt by Vehumet.
  8202 | Bailey   | Learned a level 5 spell: Arcjolt
  8228 | Bailey   | Reached skill level 12 in Spellcasting
  8262 | Bailey   | Reached skill level 1 in Long Blades
  8269 | Bailey   | Identified the +2 bardiche of Puhoisos {heavy, rElec
                  | Stlth+}
  8448 | Bailey   | Noticed an orc knight
  8448 | Bailey   | Noticed an orc knight
  8574 | Bailey   | Slain by an orc knight

Illustrated notes

Levels and vault maps discovered:
D:1:      sevenhm_arrival_forest_fort_small_3, layout_rooms,
          chequers_serial_rivers_room_b, minmay_misc_feat_five
D:2:      layout_loops_ring, dreamdust_ecumenical_altar_angels_and_demons,
          serial_shops, shop
D:3:      layout_basic, grunt_temple_overflow_open, minmay_misc_feat_iff
D:4:      layout_basic, nicolae_overflow_quartered_altars, serial_shops,
          nicolae_diamond_shop
D:5:      layout_loops_ring, lemuel_doored_altar, minmay_misc_feat_rows,
          dreamdust_wishing_well
D:6:      layout_loops_cross, fedhas_altar_fruit_tree,
          minmay_temple_entry_glass, uniq_pikel, uniq_blork_the_orc
D:7:      layout_basic, uniq_menkaure, uniq_joseph, uniq_crazy_yiuf_cottage
D:8:      layout_basic, nicolae_uskayaw_dance_hall, serial_demonic,
          serial_demonic_d, serial_demonic_a, serial_demonic_c,
          serial_demonic_c, nicolae_diode_quadrants
D:9:      layout_irregular_city, kennysheep_little_box, enter_bailey_4,
          minmay_between, uniq_harold
Bailey:   bailey_polearm_2, bailey

Skill      XL: |  1  2  3  4  5  6  7  8  9 10 |
---------------+-------------------------------+-----
Necromancy     | 1 2 3 5 6 7 |  7.4
Spellcasting   | 5 6 7 9 10 11 12 | 12.2
Dodging        | 1 2 4 5 6 |  6.5
Short Blades   | 1 2 3 |  3.0
Conjurations   | 1 3 |  3.7
Shields        | 2 3 |  3.1
Translocations | 3 4 |  4.0
Stealth        | 2 3 5 |  5.7
Throwing       | 1 |  1.5
Fire Magic     | 1 |  1.5
Long Blades    | 1 |  1.0
Invocations    | |  1.0
Evocations     | |  0.2

Action                     |  1- 3 |  4- 6 |  7- 9 | 10-12 || total
---------------------------+-------+-------+-------+-------++-------
  Melee: Short sword       |    78 |    61 |       |       ||   139
         Rapier            |       |    14 |    73 |     2 ||    89
         Dagger            |       |     1 |    57 |       ||    58
         Scimitar          |       |       |    18 |    40 ||    58
  Throw: Dart              |       |    12 |    22 |     8 ||    42
   Cast: Apportation       |    25 |    13 |    32 |     4 ||    74
         Magic Dart        |    42 |    46 |    29 |       ||   117
         Vampiric Draining |     3 |    25 |    34 |    28 ||    90
         Blink             |       |     1 |    10 |     5 ||    16
         Searing Ray       |       |       |    35 |     1 ||    36
  Evoke: Wand              |     1 |       |     7 |       ||     8
    Use: Scroll            |     1 |       |     2 |    10 ||    13
   Stab: Sleeping          |     1 |     3 |    10 |     1 ||    15
 Armour: Robe              |    29 |    12 |    41 |    29 ||   111
  Dodge: Dodged            |    53 |    46 |   134 |    76 ||   309
  Block: Buckler           |    15 |    22 |    58 |    20 ||   115
